 Dungeon Crawl Stone Soup version 0.28.0-43-g3370ac3207 (webtiles) character file.

Game seed: 13258556928003161192

45 pkoi the Chiller (level 3, -4/16 HPs)
             Began as a Spriggan Ice Elementalist on Mar 6, 2022.
             Slain by a water moccasin skeleton (6 damage)
             ... on level 3 of the Dungeon.
             The game lasted 00:02:35 (3162 turns).

pkoi the Chiller (Spriggan Ice Elementalist)        Turns: 3162, Time: 00:02:36

Health: -4/16      AC:  2    Str:  4    XL:     3   Next: 42%
Magic:  9/9        EV: 17    Int: 18    God:
Gold:   39         SH:  0    Dex: 15    Spells: 5/9 levels left

rFire   . . .      SeeInvis +   f - +0 dagger
rCold   . . .      Faith    .   (no shield)
rNeg    . . .      Spirit   .   a - +0 robe
rPois   .          Reflect  .   (helmet restricted)
rElec   .          Harm     .   (no cloak)
rCorr   .          Rampage  .   (gloves unavailable)
Will    .....                   (boots unavailable)
Stlth   ++........              (no amulet)
HPRegen 0.05/turn               (no ring)
MPRegen 0.11/turn               (no ring)

@: very quick
A: very small, no large weapons, unfitting armour, see invisible, speed 3
a: no special abilities


You were on level 3 of the Dungeon.
You visited 1 branch of the dungeon, and saw 3 of its levels.

You collected 39 gold pieces.

Inventory:

Hand Weapons
 c - a +0 short sword
 f - a +0 dagger (weapon)
Armour
 a - a +0 robe (worn)
Jewellery
 l - a ring of willpower
Wands
 j - a wand of flame (29)
Scrolls
 b - a scroll of amnesia {unknown}
 d - a scroll of identify {unknown}
 e - 2 scrolls of teleportation
 k - a scroll of holy word {unknown}
 m - a scroll of silence {unknown}
Potions
 g - a potion of lignification {unknown}
 h - a potion of attraction {unknown}
 i - 2 potions of cancellation {unknown}


   Skills:
 - Level 2.6 Dodging
 - Level 3.0 Stealth
 + Level 3.5 Spellcasting
 * Level 4.0 Ice Magic


You had 5 spell levels left.
You knew the following spells:

 Your Spells              Type           Power      Damage    Failure   Level
a - Freeze                Ice            68%        1d8       3%          1
b - Frozen Ramparts       Ice            34%        1d5       9%          3

Your spell library contained the following spells:

 Spells                   Type           Power      Damage    Failure   Level
 Ozocubu's Armour         Ice            17%        N/A       9%          3
 Animate Skeleton         Necr           6%         N/A       16%         1
 Pain                     Necr           12%        1d4       16%         1
 Vampiric Draining        Necr           3%         2d6       43%         3
 Hailstorm                Conj/Ice       10%        3d5       56%         4


Dungeon Overview and Level Annotations

Branches:
Dungeon (3/15)

Altars:


Innate Abilities, Weirdness & Mutations

You are very small and have problems with some larger weapons.
You are too small for most types of armour.
You have supernaturally acute eyesight. (SInv)
You cover ground extremely quickly. (Speed+++)


Message History

You hit the water moccasin skeleton.
The water moccasin skeleton is severely damaged.
The water moccasin skeleton closely misses you. x2
The water moccasin skeleton misses you.
You climb upwards.
There is a stone staircase leading down here.
You start resting.
You start resting.
HP restored.
You start waiting.
Done waiting.
You climb downwards.
The water moccasin skeleton bites you. The water moccasin skeleton misses you.
There is a stone staircase leading up here.
Unknown command.
There is a stone staircase leading up here.
The water moccasin skeleton misses you.
You hit the water moccasin skeleton but do no damage.
The water moccasin skeleton is severely damaged.
The water moccasin skeleton bites you but does no damage.
You barely miss the water moccasin skeleton.
The water moccasin skeleton is severely damaged.
The water moccasin skeleton bites you.
* * * LOW HITPOINT WARNING * * *
You hit the water moccasin skeleton.
The water moccasin skeleton is severely damaged.
The water moccasin skeleton bites you.
* * * LOW HITPOINT WARNING * * *
The water moccasin skeleton bites you but does no damage.
You barely miss the water moccasin skeleton.
The water moccasin skeleton is severely damaged.
The water moccasin skeleton barely misses you.
You hit the water moccasin skeleton.
The water moccasin skeleton is severely damaged.
The water moccasin skeleton bites you.
* * * LOW HITPOINT WARNING * * *
You hit the water moccasin skeleton.
The water moccasin skeleton is almost destroyed.
The water moccasin skeleton bites you.
You die...

#.#.#.# #.# #....###
#.#.#.# #.# #.......
#.#.#.###.# ####.#.#
#.#....##.# #..#.
#...#.#.#.## ##.###
#..........# ##.##
##..#.#.#.Z###.##
#.#####.#...##.......#
#.....<<@..###.######.#
#######Z#### #.# #.#
#.# #.# #.# #.# ... .#
#.# .## # #)# .. #.# ..
#.#


You could see a water moccasin skeleton.

Vanquished Creatures
  An adder (D:2)
  A dart slug (D:1)
  An orc (D:2)
  3 ball pythons
  4 endoplasms
  2 giant cockroaches (D:1)
  2 hobgoblins
  4 jackals (D:1)
  3 kobolds (D:1)
  A quokka (D:1)
  4 bats
  4 rats
30 creatures vanquished.

Notes
Turn   | Place    | Note
-------+----------+-------------------------------------------
     0 | D:1      | pkoi the Spriggan Ice Elementalist began the quest for the
                  | Orb.
     0 | D:1      | Reached XP level 1. HP: 9/9 MP: 5/5
   384 | D:1      | Reached XP level 2. HP: 13/13 MP: 2/7
  1262 | D:1      | Found a faded altar of an unknown god.
  1421 | D:2      | Reached XP level 3. HP: 16/16 MP: 6/8
  1468 | D:2      | Learned a level 3 spell: Frozen Ramparts
  1875 | D:2      | Reached skill level 4 in Ice Magic
  3162 | D:3      | Slain by a water moccasin skeleton

Illustrated notes

Levels and vault maps discovered:
D:1:      minmay_arrival_open_corners, layout_basic,
          dreamdust_ecumenical_altar_angels_and_demons
D:2:      layout_loops_cross
D:3:      layout_loops_ring, serial_shops, nicolae_shop_waterfront,
          grunt_ministairs_3, chequers_jeans, kennysheep_generic_room_12

Skill      XL: |  1  2  3 |
---------------+----------+-----
Spellcasting   | 3 |  3.5
Ice Magic      | 4 |  4.0
Dodging        | |  2.6
Stealth        | |  3.0

Action                   || total
-------------------------++-------
Melee: Unarmed           ||     1
       Short sword       ||     6
       Dagger            ||    28
       Punch             ||     2
 Cast: Freeze            ||    50
       Frozen Ramparts   ||     1
  Use: Scroll            ||     3
 Stab: Sleeping          ||     6
Armor: Robe              ||     9
Dodge: Dodged            ||    56
